UNITED STATES SILVER LEAGUE
SAN FRANCISCO FOG VS NORFOLK CRUISERS
07/11/2014
 
TOP OF THE 1ST
Norfolk Cruisers batting - Pitching for San Francisco Fog : RHP Jason McKinney
Pitching: RHP Jason McKinney
Batting: RHB Bill Childers 0-0: Fly out, F5 (Popup, 5)
Batting: SHB Scott Duncan 0-0: Foul Ball, location: 2F
0-1: Ball
1-1: Called Strike
1-2: Ball
2-2: Foul Ball, location: 2F
2-2: Fly out, F8 (Line Drive, 8RS)
Batting: SHB Omar Gutiérrez 0-0: Ball
1-0: Swinging Strike
1-1: Ball
2-1: Ball
3-1: Foul Ball, location: 2F
3-2: Strikes out swinging
Top of the 1st over - 0 run(s), 0 hit(s), 0 error(s), 0 left on base; Norfolk 0 - San Francisco 0
BOTTOM OF THE 1ST
San Francisco Fog batting - Pitching for Norfolk Cruisers : RHP Rich Hunter
Pitching: RHP Rich Hunter
Batting: LHB Manuel Núñez 0-0: Ball
1-0: Ball
2-0: Foul Ball, location: 2F
2-1: Ball
3-1: Base on Balls
Batting: RHB David Gil 0-0: Swinging Strike
0-1: Ball
1-1: Ball
2-1: Swinging Strike
2-2: Ball
3-2: Foul Ball, location: 2F
3-2: Foul Ball, location: 2F
3-2: Strikes out swinging
Batting: RHB Fernando López 0-0: Swinging Strike
0-1: SINGLE (Line Drive, 4D)
Manuel Núñez to second
Batting: LHB Cristo Nieto 0-0: Ball
1-0: Ball
2-0: Ball
3-0: Called Strike
3-1: 3-RUN HOME RUN (Flyball, 8LXD), Distance : 425 ft
Batting: RHB Pablo León 0-0: Ball
1-0: Ball
2-0: Ball
3-0: Base on Balls
Batting: RHB Matt Mooney 0-0: Ball
Wild Pitch!
Pablo León to second
1-0: Called Strike
1-1: Ball
2-1: Ground out 5-3 (Groundball, 5S)
Pablo León to third
Batting: RHB Mark Ross 0-0: Called Strike
0-1: Ball
1-1: Ball
2-1: Fly out, F8 (Flyball, 8LD)
Bottom of the 1st over - 3 run(s), 2 hit(s), 0 error(s), 1 left on base; Norfolk 0 - San Francisco 3
TOP OF THE 2ND
Norfolk Cruisers batting - Pitching for San Francisco Fog : RHP Jason McKinney
Batting: RHB Ben Ramey 0-0: Called Strike
0-1: Swinging Strike
0-2: Ball
1-2: Foul Ball, location: 2F
1-2: Foul Ball, location: 2F
1-2: Ball
2-2: Foul Ball, location: 2F
2-2: Strikes out looking
Batting: RHB Pedro Peña 0-0: Ball
1-0: Called Strike
1-1: Foul Ball, location: 2F
1-2: Fly out, F9 (Flyball, 89M)
Batting: SHB Sancho Rivera 0-0: Ball
1-0: Called Strike
1-1: Ball
2-1: Ball
3-1: Called Strike
3-2: Fly out, F9 (Flyball, 89M)
Top of the 2nd over - 0 run(s), 0 hit(s), 0 error(s), 0 left on base; Norfolk 0 - San Francisco 3
BOTTOM OF THE 2ND
San Francisco Fog batting - Pitching for Norfolk Cruisers : RHP Rich Hunter
Batting: LHB Armando Esparza 0-0: Called Strike
0-1: Ground out 4-3 (Groundball, 4M)
Batting: RHB Jason McKinney 0-0: Ball
1-0: Called Strike
1-1: Fly out, F8 (Flyball, 8RM)
Batting: LHB Manuel Núñez 0-0: Ball
1-0: Ball
2-0: Foul Ball, location: 2F
2-1: Foul Ball, location: 2F
2-2: Ball
3-2: Base on Balls
Batting: RHB David Gil 0-0: Ball
1-0: Called Strike
1-1: Ball
2-1: Ball
3-1: Called Strike
3-2: Ground out 6-3 (Groundball, 6)
Bottom of the 2nd over - 0 run(s), 0 hit(s), 0 error(s), 1 left on base; Norfolk 0 - San Francisco 3
TOP OF THE 3RD
Norfolk Cruisers batting - Pitching for San Francisco Fog : RHP Jason McKinney
Batting: RHB Amor Rodríguez 0-0: Ground out 6-3 (Groundball, 6M)
Batting: SHB Pancho Ríos 0-0: Ball
1-0: Swinging Strike
1-1: Ball
2-1: Ball
3-1: SOLO HOME RUN (Flyball, 89XD), Distance : 388 ft
Batting: RHB Rich Hunter 0-0: Called Strike
0-1: Swinging Strike
0-2: Strikes out looking
Batting: RHB Bill Childers 0-0: Foul Ball, location: 2F
0-1: Swinging Strike
0-2: Ball
1-2: Ball
2-2: Strikes out swinging
Top of the 3rd over - 1 run(s), 1 hit(s), 0 error(s), 0 left on base; Norfolk 1 - San Francisco 3
BOTTOM OF THE 3RD
San Francisco Fog batting - Pitching for Norfolk Cruisers : RHP Rich Hunter
Batting: RHB Fernando López 0-0: Swinging Strike
0-1: Foul Ball, location: 2F
0-2: Ball
1-2: Hit by Pitch
Batting: LHB Cristo Nieto 0-0: Ball
1-0: Ball
2-0: 2-RUN HOME RUN (Flyball, 8RXD), Distance : 417 ft
Pitching: LHP Monte Conner
Batting: RHB Pablo León 0-0: Called Strike
0-1: Ball
1-1: Ball
2-1: Foul Ball, location: 2F
2-2: Foul Ball, location: 2F
2-2: Ball
3-2: Base on Balls
Batting: RHB Matt Mooney 0-0: Called Strike
0-1: Ball
1-1: Ball
2-1: Foul Ball, location: 2F
2-2: Foul Ball, location: 2F
2-2: Reached on error, E5 (Groundball, 5L)
Pablo León to second
Batting: RHB Mark Ross 0-0: Ball
1-0: Ball
2-0: Ball
3-0: Called Strike
3-1: Ground out 3-1 (Groundball, 34)
Pablo León to third
Matt Mooney to second
Batting: LHB Armando Esparza 0-0: Called Strike
0-1: Ball
1-1: Ground out 6-3 (Groundball, 6M)
Pablo León scores
Matt Mooney to third
Batting: RHB Jason McKinney 0-0: Called Strike
0-1: Ball
1-1: Called Strike
1-2: Fly out, F7 (Flyball, 7LM)
Bottom of the 3rd over - 3 run(s), 1 hit(s), 1 error(s), 1 left on base; Norfolk 1 - San Francisco 6
TOP OF THE 4TH
Norfolk Cruisers batting - Pitching for San Francisco Fog : RHP Jason McKinney
Batting: SHB Scott Duncan 0-0: Ball
1-0: Ball
2-0: Called Strike
2-1: Foul Ball, location: 2F
2-2: Strikes out swinging
Batting: SHB Omar Gutiérrez 0-0: Called Strike
0-1: Ball
1-1: Ball
2-1: Swinging Strike
2-2: Strikes out swinging
Batting: RHB Ben Ramey 0-0: Swinging Strike
0-1: Called Strike
0-2: Ball
1-2: Foul Ball, location: 2F
1-2: Strikes out looking
Top of the 4th over - 0 run(s), 0 hit(s), 0 error(s), 0 left on base; Norfolk 1 - San Francisco 6
BOTTOM OF THE 4TH
San Francisco Fog batting - Pitching for Norfolk Cruisers : LHP Monte Conner
Batting: LHB Manuel Núñez 0-0: Ball
1-0: Fly out, F8 (Flyball, 78S)
Batting: RHB David Gil 0-0: Ball
1-0: Swinging Strike
1-1: Fly out, F2 (Popup, 23F)
Batting: RHB Fernando López 0-0: Foul Ball, location: 2F
0-1: Ball
1-1: Foul Ball, location: 2F
1-2: Foul Ball, location: 2F
1-2: Ball
2-2: Ground out 6-3 (Groundball, 6MS)
Bottom of the 4th over - 0 run(s), 0 hit(s), 0 error(s), 0 left on base; Norfolk 1 - San Francisco 6
TOP OF THE 5TH
Norfolk Cruisers batting - Pitching for San Francisco Fog : RHP Jason McKinney
Batting: RHB Pedro Peña 0-0: Swinging Strike
0-1: Called Strike
0-2: Foul Ball, location: 2F
0-2: Strikes out swinging
Batting: SHB Sancho Rivera 0-0: Ball
1-0: Called Strike
1-1: Foul Ball, location: 2F
1-2: Ball
2-2: Foul Ball, location: 2F
2-2: Ball
3-2: Base on Balls
Batting: RHB Amor Rodríguez 0-0: Fly out, F7 (Flyball, 78M)
0-0: Fly out, F7 (Flyball, 78M)
Batting: SHB Pancho Ríos 0-0: Swinging Strike
0-1: Swinging Strike
0-2: Foul Ball, location: 2F
0-2: Ball
1-2: SINGLE (Groundball, 34S)
Sancho Rivera to second
Runner from 2nd tries for 3rd, SAFE, throw made to third
Pinch Hitting: RHB James Bolden 0-0: Ball
1-0: Ground out 4-3 (Groundball, 4)
Top of the 5th over - 0 run(s), 1 hit(s), 0 error(s), 2 left on base; Norfolk 1 - San Francisco 6
BOTTOM OF THE 5TH
San Francisco Fog batting - Pitching for Norfolk Cruisers : LHP Monte Conner
Pitching: LHP Adrián Martínez
Batting: LHB Cristo Nieto 0-0: Ball
1-0: Swinging Strike
1-1: Ball
2-1: Reached on error, E4 (Groundball, 4)
Batting: RHB Pablo León 0-0: Ball
1-0: Fly out, F7 (Flyball, 78D)
Batting: RHB Matt Mooney 0-0: Ball
1-0: Called Strike
1-1: Ball
2-1: Foul Ball, location: 2F
2-2: Ball
3-2: Foul Ball, location: 2F
3-2: Base on Balls
Cristo Nieto to second
Batting: RHB Mark Ross 0-0: Ball
1-0: Ball
2-0: Ball
3-0: Called Strike
3-1: Swinging Strike
3-2: Foul Ball, location: 2F
3-2: Base on Balls
Cristo Nieto to third
Matt Mooney to second
Batting: LHB Armando Esparza 0-0: Foul Ball, location: 2F
0-1: Swinging Strike
0-2: Ball
1-2: Ball
2-2: Fly out, F8 (Flyball, 8LS)
Batting: RHB Jason McKinney 0-0: Called Strike
0-1: Swinging Strike
0-2: Strikes out swinging
Bottom of the 5th over - 0 run(s), 0 hit(s), 1 error(s), 3 left on base; Norfolk 1 - San Francisco 6
TOP OF THE 6TH
Norfolk Cruisers batting - Pitching for San Francisco Fog : RHP Jason McKinney
Batting: RHB Bill Childers 0-0: Called Strike
0-1: Swinging Strike
0-2: Strikes out swinging
Batting: SHB Scott Duncan 0-0: Ball
1-0: Ball
2-0: Ball
3-0: Base on Balls
Batting: SHB Omar Gutiérrez 0-0: Swinging Strike
0-1: DOUBLE (Line Drive, 89D)
Scott Duncan to third
Batting: RHB Ben Ramey 0-0: Ground out 6-3 (Groundball, 6M)
Scott Duncan scores
Omar Gutiérrez to third
Batting: RHB Pedro Peña 0-0: Called Strike
0-1: Ball
1-1: Ball
2-1: Ball
3-1: Swinging Strike
3-2: Base on Balls
Batting: SHB Sancho Rivera 0-0: Ground out 5-3 (Groundball, 5S)
Top of the 6th over - 1 run(s), 1 hit(s), 0 error(s), 2 left on base; Norfolk 2 - San Francisco 6
BOTTOM OF THE 6TH
San Francisco Fog batting - Pitching for Norfolk Cruisers : LHP Adrián Martínez
Batting: LHB Manuel Núñez 0-0: Ball
1-0: SINGLE (Line Drive, 6MD)
Batting: RHB David Gil 0-0: Fly out, F8 (Flyball, 8RM)
0-0: Fly out, F8 (Flyball, 8RM)
Batting: RHB Fernando López 0-0: Foul Ball, location: 2F
0-1: 2-RUN HOME RUN (Flyball, 7LD), Distance : 332 ft
Batting: LHB Cristo Nieto 0-0: Ball
1-0: Ball
2-0: Ball
3-0: Base on Balls
Batting: RHB Pablo León 0-0: Called Strike
0-1: Swinging Strike
0-2: Strikes out looking
Batting: RHB Matt Mooney 0-0: Ball
1-0: Ball
2-0: Fielders Choice at 2nd, 6-4 (Groundball, 6)
Bottom of the 6th over - 2 run(s), 2 hit(s), 0 error(s), 1 left on base; Norfolk 2 - San Francisco 8
TOP OF THE 7TH
Norfolk Cruisers batting - Pitching for San Francisco Fog : RHP Jason McKinney
Now at 1B: Alfred Roberts
Batting: RHB Amor Rodríguez 0-0: DOUBLE (Line Drive, 8LM)
Batting: SHB Pancho Ríos 0-0: Ball
1-0: Foul Ball, location: 2F
1-1: Foul Ball, location: 2F
1-2: Strikes out looking
Pitching: RHP Sancho Hernández
Pinch Hitting: SHB Stephen Baldwin 0-0: Swinging Strike
0-1: 2-RUN HOME RUN (Flyball, 89XD), Distance : 393 ft
Batting: RHB Bill Childers 0-0: Ball
1-0: Swinging Strike
1-1: Ball
2-1: Ball
3-1: DOUBLE (Flyball, 7LM)
Batting: SHB Scott Duncan 0-0: Ball
1-0: Foul Ball, location: 2F
1-1: Ball
2-1: SINGLE (Line Drive, 8LS)
Bill Childers to third
Runner from 3rd tries for Home, throw and OUT!
Batting: SHB Omar Gutiérrez 0-0: Ball
1-0: Called Strike
Scott Duncan steals 2nd base
1-1: Ball
2-1: Foul Ball, location: 2F
2-2: Fly out, F3 (Popup, 3SF)
Top of the 7th over - 2 run(s), 4 hit(s), 0 error(s), 1 left on base; Norfolk 4 - San Francisco 8
BOTTOM OF THE 7TH
San Francisco Fog batting - Pitching for Norfolk Cruisers : LHP Adrián Martínez
Pitching: RHP Jon Shankle
Batting: RHB Mark Ross 0-0: Called Strike
0-1: Ball
1-1: Called Strike
1-2: Fly out, F9 (Flyball, 89S)
Batting: LHB Armando Esparza 0-0: Ball
1-0: Ball
2-0: Ball
3-0: Called Strike
3-1: Foul Ball, location: 2F
3-2: Ground out 3-1 (Groundball, 34)
Pinch Hitting: RHB Chris O'Colgley 0-0: Swinging Strike
0-1: Ball
1-1: Fly out, F8 (Flyball, 8RXD)
Bottom of the 7th over - 0 run(s), 0 hit(s), 0 error(s), 0 left on base; Norfolk 4 - San Francisco 8
TOP OF THE 8TH
Norfolk Cruisers batting - Pitching for San Francisco Fog : RHP Sancho Hernández
Pitching: LHP Erwin Koevoet
Batting: RHB Ben Ramey 0-0: Foul Ball, location: 2F
0-1: Ball
1-1: Ball
2-1: Called Strike
2-2: Foul Ball, location: 2F
2-2: Strikes out swinging
Batting: RHB Pedro Peña 0-0: Ball
1-0: Ball
2-0: Ball
3-0: Called Strike
3-1: Base on Balls
Batting: SHB Sancho Rivera 0-0: Called Strike
0-1: Foul Ball, location: 2F
0-2: Ball
1-2: Foul Ball, location: 2F
1-2: Ball
2-2: Ball
3-2: Base on Balls
Pedro Peña to second
Pitching: RHP Júlio Magana
Batting: RHB Amor Rodríguez 0-0: Ball
1-0: Fly out, F4 (Line Drive, 4M)
Pitching: LHP Ken Moss
Batting: SHB Pancho Ríos 0-0: Called Strike
0-1: Called Strike
0-2: Ground out 6-3 (Groundball, 6)
Top of the 8th over - 0 run(s), 0 hit(s), 0 error(s), 2 left on base; Norfolk 4 - San Francisco 8
BOTTOM OF THE 8TH
San Francisco Fog batting - Pitching for Norfolk Cruisers : RHP Jon Shankle
Batting: LHB Manuel Núñez 0-0: Ball
1-0: Called Strike
1-1: Foul Ball, location: 2F
1-2: Foul Ball, location: 2F
1-2: Strikes out swinging
Batting: RHB David Gil 0-0: Foul Ball, location: 2F
0-1: Ball
1-1: Called Strike
1-2: Strikes out looking
Batting: RHB Fernando López 0-0: Called Strike
0-1: Fly out, F9 (Flyball, 89D)
Bottom of the 8th over - 0 run(s), 0 hit(s), 0 error(s), 0 left on base; Norfolk 4 - San Francisco 8
TOP OF THE 9TH
Norfolk Cruisers batting - Pitching for San Francisco Fog : LHP Ken Moss
Pitching: RHP Rubén Ramírez
Pinch Hitting: RHB Carlos Rodríguez 0-0: Ball
1-0: Ball
2-0: SINGLE (Groundball, 56)
Batting: RHB Bill Childers 0-0: Ball
1-0: Ball
2-0: SINGLE (Groundball, 56)
Carlos Rodríguez to second
Batting: SHB Scott Duncan 0-0: Foul Ball, location: 2F
0-1: Ball
1-1: Ball
2-1: Ball
3-1: Grounds into double play, 4-6-3 (Groundball, 4)
Carlos Rodríguez to third
Batting: SHB Omar Gutiérrez 0-0: Called Strike
0-1: Ball
1-1: Ball
2-1: Fly out, F7 (Flyball, 7S)
Top of the 9th over - 0 run(s), 2 hit(s), 0 error(s), 1 left on base; Norfolk 4 - San Francisco 8
This league is powered by Out of the Park Baseball, the baseball management simulation game for PC, Mac and Linux
Thursday, April 24th, 2014 - OOTP Baseball 14.6 Build 33